 Dungeon Crawl Stone Soup version 0.23-a0-451-g1044d4c (webtiles) character file.

135 Lavandula the Magician (level 5, 0/42 HPs)
             Began as a Naga Air Elementalist on Nov 23, 2018.
             Slain by a scorpion (6 damage)
             ... on level 5 of the Dungeon.
             The game lasted 00:04:05 (754 turns).

Lavandula the Magician (Naga Air Elementalist)       Turns: 754, Time: 00:04:05

Health: 0/42       AC:  2    Str: 12    XL:     5   Next: 18%
Magic:  12/12      EV: 10    Int: 15    God:
Gold:   56         SH:  0    Dex: 11    Spells: 6/13 levels left

rFire    . . .     SeeInvis +   h - +1 dagger (venom)
rCold    . . .     Gourm    .   (no shield)
rNeg     . . .     Faith    .   a - +0 robe
rPois    +         Spirit   .   (no helmet)
rElec    .         Reflect  .   (no cloak)
rCorr    .         Harm     .   (no gloves)
MR       .....                  (no barding)
Stlth    +.........             (no amulet)
HPRegen  0.14/turn              (no ring)
MPRegen  0.13/turn              (no ring)

@: confused, very slow
A: large, see invisible, deformed body, poison resistance, slowness 2, slow
metabolism 1, spit poison 1, AC +1
a: Spit Poison


You were on level 5 of the Dungeon.
You were not hungry.

You visited 1 branch of the dungeon, and saw 5 of its levels.

You collected 56 gold pieces.

Inventory:

Hand Weapons
 h - a +1 dagger of venom (weapon)
Armour
 a - a +0 robe (worn)
Wands
 e - a wand of iceblast (6)
Scrolls
 b - a scroll of random uselessness {unknown}
 g - a scroll of teleportation {unknown}
 i - a scroll of fog {unknown}
Comestibles
 c - a ration


   Skills:
 - Level 1.5 Dodging
 - Level 3.0 Stealth
 - Level 4.8 Spellcasting
 - Level 1.0 Conjurations
 + Level 3.0 Air Magic


You had 6 spell levels left.
You knew the following spells:

 Your Spells              Type           Power        Failure   Level  Hunger
a - Shock                 Conj/Air       #...         8%          1    None
b - Swiftness             Chrm/Air       #.......     14%         2    ##.....
c - Airstrike             Air            ##........   43%         4    ####...

Your spell library contained the following spells:

 Spells                   Type           Power        Failure   Level  Hunger
 Static Discharge         Conj/Air       #.......     22%         3    ###....
 Lightning Bolt           Conj/Air       #.........   90%         5    ######.


Dungeon Overview and Level Annotations

Branches:
Dungeon (5/15)
 Temple: D:4-7

Altars:


Innate Abilities, Weirdness & Mutations

You cannot wear boots.
Your serpentine skin is tough. (AC +1)
You have supernaturally acute eyesight. (SInv)
Armour fits poorly on your strangely shaped body.
Your system is resistant to poisons. (rPois)
You cover ground very slowly.
You have a slow metabolism.
You can spit poison.


Message History

The scorpion barely misses you.
Casting: Shock (safe; 8% risk of failure)
Confirm with . or Enter, or press ? or * to list all spells.
Aiming: Shock (safe; 8% risk of failure)
Press: ? - help, Shift-Dir - straight line, f/p - scorpion
Aim: a scorpion (moderately wounded)
The zap hits the scorpion.
The scorpion is heavily wounded.
The zap hits the scorpion.
The scorpion is heavily wounded.
The scorpion stings you!
* * * LOW HITPOINT WARNING * * *
It was a potion of magic.
Magic courses through your body. The scorpion closely misses you.
It was a potion of ambrosia.
You are confused.
You feel invigorated.
You have got your breath back.
The scorpion stings you.
You die...

#########Z #......O..
..###########.#######.
..†....<..@s..#
.##############
.#####.#


You could see a scorpion.

Vanquished Creatures
  An ogre (D:5)
  Ijyb (D:3)
  An adder (D:4)
  4 giant cockroaches
  A goblin (D:1)
  4 hobgoblins
  3 jackals (D:2)
  3 kobolds (D:2)
  2 bats
  A frilled lizard (D:3)
  4 rats
25 creatures vanquished.

Notes
Turn   | Place    | Note
-------+----------+-------------------------------------------
     0 | D:1      | Lavandula the Naga Air Elementalist began the quest for the
                  | Orb.
     0 | D:1      | Reached XP level 1. HP: 15/15 MP: 3/3
    72 | D:2      | Reached XP level 2. HP: 10/22 MP: 1/5
   180 | D:2      | Reached skill level 3 in Spellcasting
   363 | D:3      | Found a faded altar of an unknown god.
   367 | D:3      | Noticed Ijyb
   399 | D:3      | Killed Ijyb
   399 | D:3      | Reached XP level 3. HP: 14/28 MP: 0/8
   683 | D:5      | Entered Level 5 of the Dungeon
   704 | D:4      | Reached XP level 4. HP: 36/36 MP: 5/9
   726 | D:5      | Noticed an ogre
   737 | D:5      | Killed an ogre
   737 | D:5      | Reached skill level 4 in Spellcasting
   737 | D:5      | Reached XP level 5. HP: 13/42 MP: 6/12
   741 | D:5      | Learned a level 2 spell: Swiftness
   746 | D:5      | Learned a level 4 spell: Airstrike
   752 | D:5      | HP: 1/42 [scorpion (8)]
   754 | D:5      | Slain by a scorpion

Vault maps used:
D:1:      lemuel_arrival_behind_the_door_small, patterned_corridor
D:3:      chequers_ecumenical_altar_simple, uniq_ijyb
D:4:      kennysheep_little_box, zin_academy, fedhas_ov_isle_minmay,
          temple_green, first_ration
D:5:      lemuel_round_altar

Skill      XL: |  1  2  3  4 |
---------------+-------------+-----
Spellcasting   | 3 4 |  4.8
Dodging        | |  1.5
Stealth        | |  3.0
Conjurations   | |  1.0
Air Magic      | |  3.0

Action                   |  1- 3 |  4- 6 || total
-------------------------+-------+-------++-------
Melee: Unarmed           |     8 |       ||     8
       Dagger            |     2 |       ||     2
 Cast: Shock             |    23 |    11 ||    34
 Abil: Spit Poison       |    16 |     4 ||    20
  Use: Potion            |       |     2 ||     2
 Stab: Sleeping          |     1 |       ||     1
Armor: Robe              |     7 |       ||     7
Dodge: Dodged            |    28 |     2 ||    30

Table legend:
 A = Non-vault XP
 B = Vault XP
 C = Vault XP percentage of total XP
 D = Non-vault monster count
 E = Vault monster count
 F = Vault count percentage of total count
                 A         B        C        D         E       F
            +---------+---------+-------+---------+---------+-------
      Total |     158 |      35 |  18.1 |      24 |       1 |   4.0
            +---------+---------+-------+---------+---------+-------
        D:1 |       5 |       0 |   0.0 |       3 |       0 |   0.0
        D:2 |      20 |       0 |   0.0 |      12 |       0 |   0.0
        D:3 |       7 |      35 |  83.3 |       5 |       1 |  16.7
        D:4 |      15 |       0 |   0.0 |       2 |       0 |   0.0
        D:5 |     111 |       0 |   0.0 |       2 |       0 |   0.0
            +---------+---------+-------+---------+---------+-------
